 Dungeon Crawl Stone Soup version 0.25-a0-460-g4f2eb97ec1 (webtiles) character file.

Game seed: 12132500445878740605, levelgen mode: deterministic

322 Nattfarinn the Covert (level 6, -1/35 HPs)
             Began as a Kobold Assassin on Feb 3, 2020.
             Slain by a wight
             ... wielding a +0 morningstar
              (14 damage)
             ... on level 3 of the Dungeon.
             The game lasted 00:04:41 (2751 turns).

Nattfarinn the Covert (Kobold Assassin)             Turns: 2751, Time: 00:04:41

Health: -1/35      AC:  8    Str:  8    XL:     6   Next: 76%
Magic:  6/6        EV: 13    Int: 13    God:
Gold:   149        SH:  0    Dex: 18    Spells: 5/5 levels left

rFire    + . .     SeeInvis .   q - +2 dagger (drain)
rCold    x . .     Gourm    .   (shield restricted)
rNeg     . . .     Faith    +   o - +0 leather armour
rPois    .         Spirit   .   s - +1 helmet
rElec    .         Reflect  .   w - +2 cloak
rCorr    .         Harm     .   (no gloves)
MR       .....                  (no boots)
Stlth    ++++......             g - amulet of faith
HPRegen  0.11/turn              y - ring of fire
MPRegen  0.10/turn              z - ring of flight

@: no status effects
A: small, carnivore
a: Evoke Flight


You were on level 3 of the Dungeon.
You were completely stuffed.

You visited 1 branch of the dungeon, and saw 4 of its levels.

You collected 149 gold pieces.

Inventory:

Hand Weapons
 a - a +2 dagger
 q - a +2 dagger of draining (weapon)
Missiles
 d - 33 poisoned darts (quivered)
 e - 2 curare-tipped darts
Armour
 o - a +0 leather armour (worn)
 s - a +1 helmet (worn)
 w - a +2 cloak (worn)
Jewellery
 g - an amulet of faith (around neck)
 r - a cursed amulet of the acrobat {unknown}
 y - a ring of fire (left hand)
 z - a ring of flight (right hand)
Scrolls
 i - 4 scrolls of remove curse {unknown}
 j - 5 scrolls of identify {unknown}
 k - a scroll of amnesia {unknown}
 l - a scroll of fog {unknown}
 n - a scroll of enchant weapon {unknown}
 p - 3 scrolls of teleportation {unknown}
 t - 2 scrolls of magic mapping {unknown}
 v - a scroll of blinking {unknown}
Potions
 m - a potion of degeneration {unknown}
 u - 3 potions of curing {unknown}
 x - 2 potions of magic {unknown}
 A - a potion of lignification {unknown}
 B - a potion of invisibility {unknown}
Comestibles
 f - 5 rations
 h - a chunk of flesh


   Skills:
 - Level 2.1 Fighting
 + Level 5.4 Short Blades
 - Level 2.1 Throwing
 - Level 1.2 Dodging
 * Level 9.2 Stealth


You had 5 spell levels left.
You didn't know any spells.
Your spell library was empty.

Dungeon Overview and Level Annotations

Branches:
Dungeon (4/15)
 Temple: D:4-7

Altars:
Dithmenos
Fedhas
Okawaru


Innate Abilities, Weirdness & Mutations

You are small and have problems with some larger weapons.
You are carnivorous and can eat meat at any time.


Message History

The wight closely misses you.
You hit the wight but do no damage.
The wight is moderately damaged.
You barely miss the wight.
The wight is moderately damaged.
The wight barely misses you.
You hit the wight but do no damage.
The wight is moderately damaged.
You hit the wight but do no damage.
The wight is moderately damaged.
The wight barely misses you.
You barely miss the wight.
The wight is moderately damaged.
You barely miss the wight.
The wight is moderately damaged.
The wight barely misses you.
You hit the wight.
The wight is heavily damaged.
The wight hits you with a +0 morningstar!
You die...

#..)..#.####.####........ #####
##...##..###..# #..##.### #...#
##..###..###.####....# # #...#
##..# ##......# ##..####
#...#####...########..####..###.
#...............................
#....###.#.>########.......#.#.#
#........#.....z######.#...#....
#...####.......@.....#.##.......
##### #.###..#....#..........#.
##.# ##.####...####....... #..#
#.######.#####.##.#. #[##
#...####.......##.#.
#######.#######...#...<....#....
#.....)....# ###.#.###.##...#..
#..........#####....###.....####
#.................####.....##


You could see a wight.

Vanquished Creatures
  A centaur (D:2)
  A wight (D:4)
  2 orc wizards (D:3)
  5 adders
  An ooze (D:2)
  2 worms (D:2)
  A dart slug (D:2)
  3 leopard geckos
  5 orcs (D:3)
  4 giant cockroaches
  10 hobgoblins
  15 jackals
  A quokka (D:2)
  A ball python (D:1)
  3 bats
  2 frilled lizards
  5 goblins
  4 kobolds
  8 rats
74 creatures vanquished.

Notes
Turn   | Place    | Note
-------+----------+-------------------------------------------
     0 | D:1      | Nattfarinn the Kobold Assassin began the quest for the Orb.
     0 | D:1      | Reached XP level 1. HP: 12/12 MP: 1/1
   254 | D:1      | Reached XP level 2. HP: 17/17 MP: 2/2
   515 | D:1      | Reached skill level 6 in Stealth
   893 | D:2      | Reached XP level 3. HP: 20/21 MP: 3/3
  1108 | D:2      | Reached XP level 4. HP: 26/26 MP: 4/4
  1221 | D:2      | Noticed a centaur
  1234 | D:2      | Killed a centaur
  1234 | D:2      | Reached skill level 7 in Stealth
  1234 | D:2      | Reached XP level 5. HP: 13/30 MP: 5/5
  1525 | D:2      | Reached skill level 8 in Stealth
  1990 | D:3      | Reached XP level 6. HP: 35/35 MP: 6/6
  2052 | D:3      | Reached skill level 5 in Short Blades
  2119 | D:3      | Found a shadowy altar of Dithmenos.
  2188 | D:3      | Found an iron altar of Okawaru.
  2216 | D:3      | Reached skill level 9 in Stealth
  2382 | D:3      | Found a blossoming altar of Fedhas.
  2751 | D:3      | Slain by a wight

Levels and vault maps discovered:
D:1:      psy_arrival_radial02, layout_basic, minmay_unequal
D:2:      layout_loops_ring
D:3:      layout_rooms, okawaru_trees_1, fedhas_altar_4, grunt_dithmenos_smoke,
          first_ration
D:4:      layout_cave_pods, kennysheep_mini, lemuel_zombie_altar_yredelemnul,
          st_stairs_9

Skill      XL: |  1  2  3  4  5  6 |
---------------+-------------------+-----
Short Blades   | 3 4 5 |  5.4
Stealth        | 6 7 8 9 |  9.2
Fighting       | |  2.1
Throwing       | |  2.1
Dodging        | |  1.2

Action                   |  1- 3 |  4- 6 || total
-------------------------+-------+-------++-------
Melee: Dagger            |    77 |   171 ||   248
 Stab: Sleeping          |     4 |     8 ||    12
       Distracted        |       |     1 ||     1
  Eat: Chunk             |     9 |     5 ||    14
Armor: Robe              |     6 |       ||     6
       Leather armour    |     6 |    38 ||    44
Dodge: Dodged            |    39 |    91 ||   130

Table legend:
 A = Non-vault XP
 B = Vault XP
 C = Vault XP percentage of total XP
 D = Non-vault monster count
 E = Vault monster count
 F = Vault count percentage of total count
                 A         B        C        D         E       F
            +---------+---------+-------+---------+---------+-------
      Total |     457 |       4 |   0.9 |      71 |       3 |   4.1
            +---------+---------+-------+---------+---------+-------
        D:1 |      21 |       4 |  16.0 |      14 |       3 |  17.6
        D:2 |     210 |       0 |   0.0 |      23 |       0 |   0.0
        D:3 |     164 |       0 |   0.0 |      33 |       0 |   0.0
        D:4 |      62 |       0 |   0.0 |       1 |       0 |   0.0
            +---------+---------+-------+---------+---------+-------
